 Dungeon Crawl Stone Soup version 0.21-a0-509-gecc5317 (webtiles) character file.

2897 tidbits the Magician (level 9, 0/66 HPs)
             Began as a Gnoll Earth Elementalist on Nov 29, 2017.
             Was a Believer of Cheibriados.
             Slain by a tengu warrior
             ... wielding a +0 battleaxe
              (2 damage)
             ... on level 10 of the Dungeon.
             The game lasted 00:34:58 (2146 turns).

tidbits the Magician (Gnoll Earth Elementalist)     Turns: 2146, Time: 00:34:59

Health: 0/66       AC:  7    Str: 15    XL:     9   Next: 77%
Magic:  15/19      EV: 17    Int: 25    God:    Cheibriados [**....]
Gold:   150        SH:  0    Dex: 19    Spells: 6/21 levels left

rFire    . . .     SeeInvis .   a - +2 short sword (elec)
rCold    + . .     Gourm    .   (no shield)
rNeg     . . .     Faith    .   B - +0 robe
rPois    .         Spirit   .   E - +0 helmet
rElec    .         Reflect  .   C - +0 cloak
rCorr    .         Harm     .   G - +0 pair of gloves
MR       .....                  F - +0 pair of boots
Stlth    +++++.....             x - amulet of magic regeneration
HPRegen  0.21/turn              h - ring of protection from cold
MPRegen  0.41/turn              i - ring of stealth

@: very slow
A: distributed training, fangs 1, strong nose
a: Bend Time, Renounce Religion


You were on level 10 of the Dungeon.
You worshipped Cheibriados.
Cheibriados was pleased with you.
You were not hungry.

You visited 2 branches of the dungeon, and saw 10 of its levels.

You collected 234 gold pieces.
You spent 84 gold pieces at shops.

Inventory:

Hand Weapons
 a - a +2 short sword of electrocution (weapon)
   (You took it off an orc on level 3 of the Dungeon)
 c - a +2 hand axe of venom
   (You took it off an orc on level 4 of the Dungeon)
 t - a +0 blowgun
 v - a +0 dagger
 I - a +0 war axe of draining
   (You took it off an orc on level 4 of the Dungeon)
Missiles
 b - 18 stones (quivered)
 j - 7 tomahawks
 u - 12 poisoned needles
 y - 41 arrows
 z - 30 sling bullets
 J - 13 bolts
Armour
 g - a +0 shield
 B - a +0 robe (worn)
 C - a +0 cloak (worn)
 E - a +0 helmet (worn)
 F - a +0 pair of boots (worn)
 G - a +0 pair of gloves (worn)
Jewellery
 h - a ring of protection from cold (left hand)
   (You found it on level 2 of the Dungeon)
 i - a ring of stealth (right hand)
   (You found it on level 2 of the Dungeon)
 x - an amulet of magic regeneration (around neck)
   (You found it on level 8 of the Dungeon)
Wands
 K - a wand of iceblast (8)
 L - a wand of flame (56)
Scrolls
 f - a scroll of immolation {unknown}
 k - a scroll of brand weapon {unknown}
 A - a scroll of enchant armour {unknown}
Potions
 l - 2 potions of magic
 m - a potion of lignification {unknown}
 o - a potion of brilliance {unknown}
 p - a potion of resistance
 s - 3 potions of curing
 w - a potion of haste
 H - a potion of flight
Books
 e - a book of Geomancy

   Spells                             Type                      Level
   a - Sandblast                      Earth                        1
   b - Passwall                       Transmutation/Earth          2
   c - Stone Arrow                    Conjuration/Earth            3
   d - Petrify                        Transmutation/Earth          4
   e - Lee's Rapid Deconstruction     Earth                        5
Comestibles
 d - 5 bread rations
 q - 5 royal jellies
 r - a fruit
 D - 4 meat rations


   Skills:
 + Level 4.5 Fighting
 + Level 4.5 Short Blades
 + Level 4.5 Long Blades
 + Level 4.5 Axes
 + Level 4.5 Maces & Flails
 + Level 4.5 Polearms
 + Level 4.5 Staves
 + Level 4.5 Slings
 + Level 4.5 Bows
 + Level 4.5 Crossbows
 + Level 4.5 Throwing
 + Level 4.5 Armour
 + Level 6.5 Dodging
 + Level 6.2 Stealth
 + Level 4.5 Shields
 + Level 4.5 Unarmed Combat
 + Level 6.8 Spellcasting
 + Level 3.7 Conjurations
 + Level 3.7 Hexes
 + Level 3.7 Charms
 + Level 3.7 Summonings
 + Level 3.7 Necromancy
 + Level 3.7 Translocations
 + Level 4.3 Transmutations
 + Level 3.7 Fire Magic
 + Level 3.7 Ice Magic
 + Level 3.7 Air Magic
 + Level 6.6 Earth Magic
 + Level 3.7 Poison Magic
 + Level 4.9 Invocations
 + Level 4.5 Evocations


You had 6 spell levels left.
You knew the following spells:

 Your Spells              Type           Power        Failure   Level  Hunger
a - Sandblast             Erth           #####.       1%          1    None
l - Lee's Rapid Deconstr  Erth           #####.....   12%         5    #####..
p - Petrify               Tmut/Erth      #####...     7%          4    ###....
w - Passwall              Tmut/Erth      #####.....   1%          2    None
z - Stone Arrow           Conj/Erth      ####..       2%          3    None


Dungeon Overview and Level Annotations

Branches:
Dungeon (8/15)             Temple (1/1) D:5             Orc (0/2) D:10
   Lair: D:8-11

Altars:
Ashenzari
Cheibriados
Dithmenos
Elyvilon
Fedhas
Gozag
Makhleb
Nemelex Xobeh
Okawaru
Qazlal
Sif Muna
Trog
Vehumet
Wu Jian
Xom
Yredelemnul
Zin

Shops:
D:6 ?

Annotations:
D:10 Harold


Innate Abilities, Weirdness & Mutations

Your experience applies equally to all skills.
You have very sharp teeth.
Your uncanny sense of smell can sniff out nearby items.


Message History

An orc and an orc priest come into view.
A tengu warrior comes into view. It is wielding a battleaxe.
The tengu warrior shouts!
An orc and a tengu conjurer come into view.
As you read the scroll of teleportation, it crumbles to dust.
You feel strangely unstable.
Your surroundings suddenly seem different.
Okay, then.
Okay, then.
Unknown command.
It was a potion of magic.
Magic courses through your body.
Your amulet attunes itself to your body and you begin to regenerate magic more quickly.
Found 13 gold pieces.
Found a stone staircase leading up.
A hound comes into view.
The hound barks!
An adder comes into view.
You miss the hound. The hound completely misses you.
Casting: Sandblast
Confirm with . or Enter, or press ? or * to list all spells.
Aiming: Sandblast
Press: ? - help, Shift-Dir - straight line, f - tengu warrior
Aim: a tengu warrior, wielding a battleaxe and wearing a ring mail The blast of sand hits the hound.
You kill the hound!
Cheibriados thoroughly appreciates the change of pace.
b - 24 stones The orc shouts!
Casting: Sandblast
Confirm with . or Enter, or press ? or * to list all spells.
Aiming: Sandblast
Press: ? - help, Shift-Dir - straight line, f/p - tengu warrior
Aim: a tengu warrior, wielding a battleaxe and wearing a ring mail The blast of sand hits the tengu warrior.
The tengu warrior is lightly wounded.
b - 23 stones The adder hisses angrily.
The tengu conjurer shouts!
The tengu conjurer mumbles some strange words.
The tengu conjurer blinks!
Press: ? - help, v - describe, . - travel, g - get item
Here: a tengu warrior, wielding a battleaxe and wearing a ring mail (lightly wounded)
A hound corpse.
The floor.
Unknown command.
Casting: Sandblast
Confirm with . or Enter, or press ? or * to list all spells.
Aiming: Sandblast
Press: ? - help, Shift-Dir - straight line, f/p - tengu warrior
Aim: a tengu warrior, wielding a battleaxe and wearing a ring mail (lightly wounded)
The blast of sand misses the tengu warrior.
b - 22 stones The tengu warrior barely misses you.
The tengu warrior pecks you.
* * * LOW HITPOINT WARNING * * *
The tengu warrior claws you but does no damage.
Casting: Sandblast
Confirm with . or Enter, or press ? or * to list all spells.
Aiming: Sandblast
Press: ? - help, Shift-Dir - straight line, f/p - tengu warrior
Aim: a tengu warrior, wielding a battleaxe and wearing a ring mail (lightly wounded)
The blast of sand hits the tengu warrior.
The tengu warrior is heavily wounded.
b - 21 stones The tengu warrior hits you with a battleaxe!
* * * LOW HITPOINT WARNING * * *
The tengu warrior completely misses you.
The tengu warrior barely misses you.
Casting: Sandblast
Confirm with . or Enter, or press ? or * to list all spells.
Aiming: Sandblast
Press: ? - help, Shift-Dir - straight line, f/p - tengu warrior
Aim: a tengu warrior, wielding a battleaxe and wearing a ring mail (heavily wounded)
The blast of sand hits the tengu warrior.
The tengu warrior is heavily wounded.
b - 20 stones
Casting: Sandblast
Confirm with . or Enter, or press ? or * to list all spells.
Aiming: Sandblast
Press: ? - help, Shift-Dir - straight line, f - adder, p - tengu warrior
Aim: an adder The blast of sand hits the tengu warrior.
The tengu warrior is severely wounded.
b - 19 stones The tengu warrior closely misses you.
The tengu warrior pecks you but does no damage.
The tengu warrior claws you.
* * * LOW HITPOINT WARNING * * *
Casting: Sandblast
Confirm with . or Enter, or press ? or * to list all spells.
Aiming: Sandblast
Press: ? - help, Shift-Dir - straight line, f/p - adder
Aim: an adder The blast of sand hits the tengu warrior.
The tengu warrior is almost dead.
b - 18 stones The orc priest shouts!
The tengu warrior hits you with a battleaxe!
* * * LOW HITPOINT WARNING * * *
The tengu warrior pecks you.
* * * LOW HITPOINT WARNING * * *
The tengu warrior claws you.
You die...

.......# #...# .
..o....# #oo.#
....o..# #...#####
....o..#####....@...
....................
.####$.####.####....
#..# #.# ..## #..#
#o# .# #Q.# #@# #
#..# #Q####..# ...#
#S......#
..S.h...........
.................
.............####
...$.......#
...........#
.....<.....#


You could see a tengu warrior, an orc priest, an adder and 2 orcs.

Vanquished Creatures
  2 hippogriffs
  A wyvern (D:7)
  A human (D:7)
  4 hogs (D:7)
  Menkaure (D:7)
  2 orc warriors (D:10)
  3 ogres
  A centaur (D:10)
  3 bullfrogs
  3 wights (D:6)
  2 howler monkeys
  A crimson imp (D:7)
  A jelly (D:6)
  5 hounds
  3 orc priests
  6 orc wizards
  An iguana (D:8)
  A worker ant (D:10)
  2 worker ant zombies
  7 adders
  3 gnolls (D:4)
  A howler monkey skeleton (D:6)
  An adder zombie (D:7)
  2 adder skeletons
  2 worms
  A dart slug (D:1)
  3 leopard geckos
  25 orcs
  4 bats (D:2)
  A giant cockroach (D:2)
  6 hobgoblins
  4 jackals (D:5)
  4 quokkas
  2 frilled lizards
  7 goblins
  2 kobolds
  A quokka skeleton (D:7)
  5 rats
124 creatures vanquished.

Notes
Turn   | Place    | Note
-------+----------+-------------------------------------------
     0 | D:1      | tidbits the Gnoll Earth Elementalist began the quest for the Orb.
     0 | D:1      | Reached XP level 1. HP: 13/13 MP: 6/6
   107 | D:2      | Reached skill level 2 in Transmutations
   126 | D:2      | Reached XP level 2. HP: 19/19 MP: 4/7
   134 | D:2      | Learned a level 2 spell: Passwall
   290 | D:2      | Reached XP level 3. HP: 25/25 MP: 5/9
   295 | D:2      | Learned a level 3 spell: Stone Arrow
   327 | D:2      | Reached skill level 5 in Spellcasting
   379 | D:1      | Reached skill level 1 in Invocations
   468 | D:3      | Reached skill level 1 in Fighting
   468 | D:3      | Reached skill level 1 in Short Blades
   468 | D:3      | Reached skill level 1 in Long Blades
   468 | D:3      | Reached skill level 1 in Axes
   468 | D:3      | Reached skill level 1 in Maces & Flails
   468 | D:3      | Reached skill level 1 in Polearms
   468 | D:3      | Reached skill level 1 in Staves
   468 | D:3      | Reached skill level 1 in Slings
   468 | D:3      | Reached skill level 1 in Bows
   468 | D:3      | Reached skill level 1 in Crossbows
   468 | D:3      | Reached skill level 1 in Throwing
   468 | D:3      | Reached skill level 1 in Armour
   468 | D:3      | Reached skill level 1 in Shields
   468 | D:3      | Reached skill level 1 in Unarmed Combat
   468 | D:3      | Reached skill level 1 in Evocations
   498 | D:3      | Reached XP level 4. HP: 23/32 MP: 8/11
   587 | D:3      | Found a radiant altar of Vehumet.
   657 | D:4      | Reached skill level 1 in Conjurations
   657 | D:4      | Reached skill level 1 in Hexes
   657 | D:4      | Reached skill level 1 in Charms
   657 | D:4      | Reached skill level 1 in Summonings
   657 | D:4      | Reached skill level 1 in Necromancy
   657 | D:4      | Reached skill level 1 in Translocations
   657 | D:4      | Reached skill level 1 in Fire Magic
   657 | D:4      | Reached skill level 1 in Ice Magic
   657 | D:4      | Reached skill level 1 in Air Magic
   657 | D:4      | Reached skill level 1 in Poison Magic
   659 | D:4      | Reached XP level 5. HP: 37/37 MP: 12/12
   826 | D:4      | Noticed an ogre
   832 | D:4      | Killed an ogre
   832 | D:4      | Reached skill level 2 in Invocations
   832 | D:4      | Reached XP level 6. HP: 41/44 MP: 7/13
   864 | D:4      | Reached skill level 2 in Fighting
   864 | D:4      | Reached skill level 2 in Short Blades
   864 | D:4      | Reached skill level 2 in Long Blades
   864 | D:4      | Reached skill level 2 in Axes
   864 | D:4      | Reached skill level 2 in Maces & Flails
   864 | D:4      | Reached skill level 2 in Polearms
   864 | D:4      | Reached skill level 2 in Staves
   864 | D:4      | Reached skill level 2 in Slings
   864 | D:4      | Reached skill level 2 in Bows
   864 | D:4      | Reached skill level 2 in Crossbows
   864 | D:4      | Reached skill level 2 in Throwing
   864 | D:4      | Reached skill level 2 in Armour
   864 | D:4      | Reached skill level 5 in Dodging
   864 | D:4      | Reached skill level 2 in Shields
   864 | D:4      | Reached skill level 2 in Unarmed Combat
   864 | D:4      | Reached skill level 2 in Evocations
   868 | D:4      | HP: 4/44 [leopard gecko (4)]
  1061 | D:5      | Entered Level 5 of the Dungeon
  1140 | D:5      | Reached XP level 7. HP: 50/50 MP: 7/15
  1187 | D:5      | Reached skill level 2 in Conjurations
  1187 | D:5      | Reached skill level 2 in Hexes
  1187 | D:5      | Reached skill level 2 in Charms
  1187 | D:5      | Reached skill level 2 in Summonings
  1187 | D:5      | Reached skill level 2 in Necromancy
  1187 | D:5      | Reached skill level 2 in Translocations
  1187 | D:5      | Reached skill level 2 in Fire Magic
  1187 | D:5      | Reached skill level 2 in Ice Magic
  1187 | D:5      | Reached skill level 2 in Air Magic
  1187 | D:5      | Reached skill level 2 in Poison Magic
  1312 | D:5      | Reached skill level 3 in Transmutations
  1363 | D:5      | Found a staircase to the Ecumenical Temple.
  1372 | Temple   | Entered the Ecumenical Temple
  1430 | D:6      | Reached skill level 5 in Stealth
  1437 | D:6      | Reached skill level 3 in Invocations
  1455 | D:6      | Reached XP level 8. HP: 32/57 MP: 1/16
  1488 | D:6      | Reached skill level 6 in Earth Magic
  1533 | D:6      | Found a snail-covered altar of Cheibriados.
  1533 | D:6      | Became a worshipper of Cheibriados the Contemplative
  1572 | D:6      | Learned a level 4 spell: Petrify
  1578 | D:6      | Learned a level 5 spell: Lee's Rapid Deconstruction
  1581 | D:6      | Reached skill level 3 in Fighting
  1581 | D:6      | Reached skill level 3 in Short Blades
  1581 | D:6      | Reached skill level 3 in Long Blades
  1581 | D:6      | Reached skill level 3 in Axes
  1581 | D:6      | Reached skill level 3 in Maces & Flails
  1581 | D:6      | Reached skill level 3 in Polearms
  1581 | D:6      | Reached skill level 3 in Staves
  1581 | D:6      | Reached skill level 3 in Slings
  1581 | D:6      | Reached skill level 3 in Bows
  1581 | D:6      | Reached skill level 3 in Crossbows
  1581 | D:6      | Reached skill level 3 in Throwing
  1581 | D:6      | Reached skill level 3 in Armour
  1581 | D:6      | Reached skill level 3 in Shields
  1581 | D:6      | Reached skill level 3 in Unarmed Combat
  1581 | D:6      | Reached skill level 3 in Evocations
  1610 | D:6      | Found Jeimunn's Magic Scroll Boutique.
  1618 | D:6      | Bought a scroll of identify for 28 gold pieces
  1618 | D:6      | Bought a scroll of identify for 28 gold pieces
  1618 | D:6      | Bought a scroll of identify for 28 gold pieces
  1650 | D:7      | Found a snail-covered altar of Cheibriados.
  1652 | D:7      | Noticed a wyvern
  1663 | D:7      | Killed a wyvern
  1663 | D:7      | Reached skill level 6 in Spellcasting
  1697 | D:7      | Noticed Menkaure
  1700 | D:7      | Killed Menkaure
  1704 | D:7      | Noticed a hippogriff
  1707 | D:7      | Killed a hippogriff
  1787 | D:8      | Reached skill level 3 in Conjurations
  1787 | D:8      | Reached skill level 3 in Hexes
  1787 | D:8      | Reached skill level 3 in Charms
  1787 | D:8      | Reached skill level 3 in Summonings
  1787 | D:8      | Reached skill level 3 in Necromancy
  1787 | D:8      | Reached skill level 3 in Translocations
  1787 | D:8      | Reached skill level 3 in Fire Magic
  1787 | D:8      | Reached skill level 3 in Ice Magic
  1787 | D:8      | Reached skill level 3 in Air Magic
  1787 | D:8      | Reached skill level 3 in Poison Magic
  1787 | D:8      | Reached skill level 4 in Invocations
  1886 | D:7      | Reached XP level 9. HP: 53/65 MP: 12/18
  1902 | D:7      | Reached skill level 6 in Dodging
  1935 | D:7      | Reached * piety under Cheibriados
  1943 | D:7      | Reached skill level 4 in Fighting
  1943 | D:7      | Reached skill level 4 in Short Blades
  1943 | D:7      | Reached skill level 4 in Long Blades
  1943 | D:7      | Reached skill level 4 in Axes
  1943 | D:7      | Reached skill level 4 in Maces & Flails
  1943 | D:7      | Reached skill level 4 in Polearms
  1943 | D:7      | Reached skill level 4 in Staves
  1943 | D:7      | Reached skill level 4 in Slings
  1943 | D:7      | Reached skill level 4 in Bows
  1943 | D:7      | Reached skill level 4 in Crossbows
  1943 | D:7      | Reached skill level 4 in Throwing
  1943 | D:7      | Reached skill level 4 in Armour
  1943 | D:7      | Reached skill level 4 in Shields
  1943 | D:7      | Reached skill level 4 in Unarmed Combat
  1943 | D:7      | Reached skill level 4 in Transmutations
  1943 | D:7      | Reached skill level 4 in Evocations
  1998 | D:8      | Reached skill level 6 in Stealth
  1999 | D:8      | You fall through a shaft for 2 floors!
  1999 | D:10     | Entered Level 10 of the Dungeon
  2030 | D:10     | Found a staircase to the Orcish Mines.
  2111 | D:10     | Reached ** piety under Cheibriados
  2124 | D:10     | Noticed Harold
  2129 | D:10     | Noticed a tengu warrior
  2130 | D:10     | Noticed a tengu conjurer
  2146 | D:10     | HP: 2/66 [tengu warrior/battleaxe (5)]
  2146 | D:10     | Slain by a tengu warrior

Vault maps used:
D:1:      dpeg_arrival_chase
D:2:      grunt_decor_one_mirror
D:3:      marbit_many_paths, first_bread
D:4:      serial_column_ruins, column_ruins_open_tiny, column_ruins_open_tiny,
          column_ruins_open_tiny, column_ruins_grid_1
D:5:      minmay_temple_entry_trees, fountainhead, roderic_serpentine_path
D:6:      serial_shops, shop, wad_floor_pattern_1, chei_slow_surprise
D:7:      cheibriados_altar_1, grunt_livestock, uniq_menkaure
D:8:      lemuel_round_altar, lemuel_doored_altar
D:10:     david_orc_2, nicolae_elemental_shop, uniq_harold
Temple:   nicolae_temple_no_exploring_needed

Skill      XL: |  1  2  3  4  5  6  7  8  9 |
---------------+----------------------------+-----
Transmutations | 2 3 4 |  4.3
Spellcasting   | 5 6 |  6.8
Invocations    | 1 2 3 4 |  4.9
Fighting       | 1 2 3 4 |  4.5
Short Blades   | 1 2 3 4 |  4.5
Long Blades    | 1 2 3 4 |  4.5
Axes           | 1 2 3 4 |  4.5
Maces & Flails | 1 2 3 4 |  4.5
Polearms       | 1 2 3 4 |  4.5
Staves         | 1 2 3 4 |  4.5
Slings         | 1 2 3 4 |  4.5
Bows           | 1 2 3 4 |  4.5
Crossbows      | 1 2 3 4 |  4.5
Throwing       | 1 2 3 4 |  4.5
Armour         | 1 2 3 4 |  4.5
Shields        | 1 2 3 4 |  4.5
Unarmed Combat | 1 2 3 4 |  4.5
Evocations     | 1 2 3 4 |  4.5
Conjurations   | 1 2 3 |  3.7
Hexes          | 1 2 3 |  3.7
Charms         | 1 2 3 |  3.7
Summonings     | 1 2 3 |  3.7
Necromancy     | 1 2 3 |  3.7
Translocations | 1 2 3 |  3.7
Fire Magic     | 1 2 3 |  3.7
Ice Magic      | 1 2 3 |  3.7
Air Magic      | 1 2 3 |  3.7
Poison Magic   | 1 2 3 |  3.7
Dodging        | 5 6 |  6.5
Stealth        | 5 6 |  6.2
Earth Magic    | 6 |  6.6

Action                   |  1- 3 |  4- 6 |  7- 9 || total
-------------------------+-------+-------+-------++-------
Melee: Dagger            |     5 |       |       ||     5
       Short sword       |       |    52 |    73 ||   125
       Bite              |       |     5 |    10 ||    15
       Punch             |       |     1 |     2 ||     3
 Cast: Sandblast         |    32 |    20 |    72 ||   124
       Stone Arrow       |     2 |     8 |    10 ||    20
       Passwall          |     1 |     3 |    27 ||    31
       Lee's Rapid Decon |       |       |     2 ||     2
Evoke: Wand              |       |       |     2 ||     2
  Use: Potion            |       |     1 |     2 ||     3
       Scroll            |       |       |    12 ||    12
 Stab: Sleeping          |       |     2 |     6 ||     8
       Distracted        |       |       |     1 ||     1
  Eat: Chunk             |       |     1 |     4 ||     5
Armor: Robe              |     1 |     3 |    13 ||    17
Dodge: Dodged            |     8 |    44 |    79 ||   131

Table legend:
 A = Spawn XP
 B = Non-spawn XP
 C = Spawn XP percentage of total XP
 D = Spawn monster count
 E = Non-spawn monster count
 F = Spawn count percentage of total count
 G = Total turns spent on level
                    A         B        C        D         E        F      G
               +---------+---------+-------+---------+---------+-------+---------
         Total |       0 |    4139 |   0.0 |       0 |     124 |   0.0 |  2146
               +---------+---------+-------+---------+---------+-------+---------
           D:1 |       0 |      12 |   0.0 |       0 |       6 |   0.0 |   177
           D:2 |       0 |      44 |   0.0 |       0 |      19 |   0.0 |   265
           D:3 |       0 |      76 |   0.0 |       0 |      12 |   0.0 |   215
           D:4 |       0 |     457 |   0.0 |       0 |      20 |   0.0 |   404
           D:5 |       0 |     322 |   0.0 |       0 |      14 |   0.0 |   345
           D:6 |       0 |     530 |   0.0 |       0 |      13 |   0.0 |   218
           D:7 |       0 |    1727 |   0.0 |       0 |      18 |   0.0 |   339
           D:8 |       0 |     103 |   0.0 |       0 |       5 |   0.0 |    34
          D:10 |       0 |     868 |   0.0 |       0 |      17 |   0.0 |   147
               +---------+---------+-------+---------+---------+-------+---------

Table legend:
 A = Turns spent in this place as a percentage of turns spent in the entire game.
 B = Non-inter-level travel turns spent in this place as a percentage of non-inter-level travel turns spent in the entire game.
 C = Inter-level travel turns spent in this place as a percentage of turns spent in this place.
 D = Turns resting spent in this place as a percentage of non-inter-level travel turns spent in this place.
 E = Turns spent auto-exploring this place as a percentage of non-inter-level travel turns spent in this place.
 F = Non-inter-level travel turns spent in this place divided by the number of levels of this place that you've seen.
                   A       B       C       D       E      F
               +-------+-------+-------+-------+-------+----------------------
         Total | 100.0 | 100.0 |   0.0 |   0.0 |   0.0 | 214.6
       Dungeon |  99.9 |  99.9 |   0.0 |   0.0 |   0.0 | 238.2
        Temple |   0.1 |   0.1 |   0.0 |   0.0 |   0.0 |   2.0
               +-------+-------+-------+-------+-------+----------------------

Table legend:
 A = Kills in this place as a percentage of kills in entire the game.
 B = Kills by you in this place as a percentage of kills by you in the entire game.
 C = Kills by friends in this place as a percentage of kills by friends in the entire game.
 D = Other kills in this place as a percentage of other kills in the entire game.
 E = Experience gained in this place as a percentage of experience gained in the entire game.
 F = Experience gained in this place divided by the number of levels of this place that you have seen.
                   A       B       C       D       E      F
               +-------+-------+-------+-------+-------+----------------------
         Total | 100.0 | 100.0 |   N/A |   N/A | 100.0 | 413.9
       Dungeon | 100.0 | 100.0 |   N/A |   N/A | 100.0 | 459.9
               +-------+-------+-------+-------+-------+----------------------

Vault maps used:
D:1:      dpeg_arrival_chase
D:2:      grunt_decor_one_mirror
D:3:      marbit_many_paths, first_bread
D:4:      serial_column_ruins, column_ruins_open_tiny, column_ruins_open_tiny,
          column_ruins_open_tiny, column_ruins_grid_1
D:5:      minmay_temple_entry_trees, fountainhead, roderic_serpentine_path
D:6:      serial_shops, shop, wad_floor_pattern_1, chei_slow_surprise
D:7:      cheibriados_altar_1, grunt_livestock, uniq_menkaure
D:8:      lemuel_round_altar, lemuel_doored_altar
D:10:     david_orc_2, nicolae_elemental_shop, uniq_harold
Temple:   nicolae_temple_no_exploring_needed
